 Dungeon Crawl Stone Soup version 0.27-a0-1116-g91b3acb402 (webtiles) character file.

Game seed: 3021854522103873381

42 voltaire321 the Skirmisher (level 3, 0/33 HPs)
             Began as a Hill Orc Fighter on May 2, 2021.
             Slain by Sigmund
             ... wielding a +1 scythe of pain
              (5 damage)
             ... on level 2 of the Dungeon.
             The game lasted 00:02:16 (1548 turns).

voltaire321 the Skirmisher (Hill Orc Fighter)       Turns: 1548, Time: 00:02:17

Health: 0/33       AC:  9    Str: 19    XL:     3   Next: 54%
Magic:  3/3        EV:  7    Int:  8    God:
Gold:   62         SH:  9    Dex: 10    Spells: 2/2 levels left

rFire    . . .     SeeInvis .   a - +0 war axe
rCold    . . .     Faith    .   c - +0 kite shield
rNeg     . . .     Spirit   .   b - +0 scale mail
rPois    .         Reflect  .   j - +0 helmet
rElec    .         Harm     .   i - +0 cloak
rCorr    .         Rampage  .   (no gloves)
Will     .....                  (no boots)
Stlth    ..........             (no amulet)
HPRegen  0.11/turn              (no ring)
MPRegen  0.08/turn              (no ring)

@: no status effects
A: no striking features
a: no special abilities


You were on level 2 of the Dungeon.
You visited 1 branch of the dungeon, and saw 2 of its levels.

You collected 62 gold pieces.

Inventory:

Hand Weapons
 a - a +0 war axe (weapon)
Armour
 b - a +0 scale mail (worn)
 c - a +0 kite shield (worn)
 i - a +0 cloak (worn)
 j - a +0 helmet (worn)
Scrolls
 e - a scroll of teleportation {unknown}
 g - a scroll of identify {unknown}
 h - a scroll of blinking {unknown}
 k - a scroll of torment {unknown}
Potions
 d - a potion of might
 f - a potion of magic {unknown}


   Skills:
 + Level 4.1 Fighting
 + Level 3.3 Axes
 + Level 3.7 Armour
 + Level 3.8 Shields


You had 2 spell levels left.
You didn't know any spells.
Your spell library contained the following spells:

 Spells                   Type           Power      Damage    Failure   Level
 Animate Skeleton         Necr           0%         N/A       99%         1
 Pain                     Necr           0%         1d4       99%         1
 Vampiric Draining        Necr           0%         2d6       100%        3
 Animate Dead             Necr           0%         N/A       100%        4
 Agony                    Necr           0%         N/A       100%        5


Dungeon Overview and Level Annotations

Branches:
Dungeon (2/15)

Altars:

Annotations:
D:2 1 runed translucent door, Crazy Yiuf, Sigmund


Message History

You now have 62 gold pieces (gained 13).
A ball python comes into view.
The ball python hisses angrily.
You barely miss the ball python. The ball python bites you.
You block the ball python's attack.
You barely miss the ball python. You block the ball python's attack.
The ball python closely misses you. The ball python barely misses you.
The ball python grabs you. The ball python constricts you.
You barely miss the ball python. The ball python bites you.
The ball python constricts you.
The ball python bites you but does no damage.
The ball python constricts you.
You slash the ball python!
You kill the ball python!
Found 22 arrows.
You see here a ball python corpse.
A ball python comes into view.
The ball python hisses angrily.
You slash the ball python!
You kill the ball python!
Sigmund the Dreaded comes into view.
He is wielding a +1 scythe of pain.
Sigmund shouts!
Sigmund casts a spell at himself.
Sigmund flickers and vanishes!
Deactivating autopickup; reactivate with Ctrl-A.
You are confused.
A magic dart appears from out of thin air!
The magic dart hits you.
You bump into the rock wall.
Something hits you.
You writhe in agony.
You bump into the rock wall.
You feel less confused. Something hits you.
Something hits you but does no damage.
You writhe in agony.
You miss something. Something hits you.
You writhe in agony.
Something hits you.
* * * LOW HITPOINT WARNING * * *
You writhe in agony.
* * * LOW HITPOINT WARNING * * *
You barely miss something. Something hits you.
You die...

####.#.....
#....†<####
#.##.......
#.#########
#.# #.# #
#.#
#.########.#
#.{@.......#
############


There were no monsters in sight!

Vanquished Creatures
  2 adders (D:2)
  2 worms (D:2)
  2 bats
  2 goblins
  2 hobgoblins (D:2)
  2 quokkas (D:2)
  3 ball pythons (D:2)
  A frilled lizard (D:1)
  2 kobolds (D:1)
  2 rats
20 creatures vanquished.

Notes
Turn   | Place    | Note
-------+----------+-------------------------------------------
     0 | D:1      | voltaire321 the Hill Orc Fighter began the quest for the
                  | Orb.
     0 | D:1      | Reached XP level 1. HP: 19/19 MP: 1/1
   540 | D:1      | Found a faded altar of an unknown god.
   872 | D:2      | Reached XP level 2. HP: 13/27 MP: 2/2
  1151 | D:2      | Reached skill level 4 in Fighting
  1260 | D:2      | Reached XP level 3. HP: 25/33 MP: 3/3
  1412 | D:2      | Found a runed translucent door.
  1413 | D:2      | Noticed Crazy Yiuf
  1539 | D:2      | Noticed Sigmund
  1548 | D:2      | Slain by Sigmund

Illustrated notes

Levels and vault maps discovered:
D:1:      mrwooster_arrival_statue_3, layout_loops_cross,
          shapermc_ecumenical_altar_flowoftime, solitary_fountain,
          nrook_loot_triangle
D:2:      layout_loops_ring, minmay_snake_closets, uniq_crazy_yiuf_cottage,
          uniq_sigmund

Skill      XL: |  1  2 |
---------------+-------+-----
Axes           | 3 |  3.3
Fighting       | 4 |  4.1
Armour         | |  3.7
Shields        | |  3.8

Action                   || total
-------------------------++-------
Melee: War axe           ||    67
Armor: Scale mail        ||    24
Dodge: Dodged            ||    24
Block: Kite shield       ||    25

Table legend: (Time is in decaauts)
 A = Elapsed time spent in this place.
 B = Non-inter-level travel time spent in this place.
 C = Inter-level travel time spent in this place.
 D = Time resting spent in this place.
 E = Time spent auto-exploring this place.
 F = Levels seen in this place.
 G = Mean time per level.
                   A        B        C        D        E       F      G
               +--------+--------+--------+--------+--------+-----+--------+
         Total |   1586 |   1559 |     27 |    313 |   1006 |   2 |  793.0 |
       Dungeon |   1586 |   1559 |     27 |    313 |   1006 |   2 |  793.0 |
               +--------+--------+--------+--------+--------+-----+--------+

Top non-repeatable levels by time:
     D:1: 868 daAuts
     D:2: 718 daAuts
